 Dungeon Crawl Stone Soup version 0.31-a0-174-g85c54bcb58 (webtiles) character file.

Game seed: 13000397361827665424

524 qw the Chopper (level 7, -2/43 HPs)
             Began as a Gargoyle Fighter on June 15, 2023.
             Was a Follower of Okawaru.
             Killed from afar by an orc wizard (8 damage)
             ... with a magic dart
             ... on level 5 of the Dungeon.
             The game lasted 00:01:43 (3975 turns).

qw the Chopper (Gargoyle Fighter)                   Turns: 3975, Time: 00:01:44

Health: -2/43      AC: 16    Str: 21    XL:     7   Next: 22%
Magic:  7/7        EV:  8    Int:  9    God:    Okawaru [*.....]
Gold:   314        SH:  4    Dex:  9    Spells: 6/6 levels left

rFire   + . .        Y - +0 war axe
rCold   . . .        c - +0 buckler
rNeg    + . .        g - +0 chain mail
rPois   inf          a - +0 helmet
rElec   +            m - +0 cloak
rCorr   .            (no gloves)
SInv    .            (no boots)
Will    .....        (no amulet) Stlth
                     f - ring of protection from fire
HPRegen 0.27/turn    (no ring)
MPRegen 0.10/turn

%: no passive effects
@: no status effects
A: sickness immunity, AC +4, negative energy resistance 1, electricity
resistance, torment resistance 1, petrification resistance
a: Renounce Religion, Heroism


You were on level 5 of the Dungeon.
You worshipped Okawaru.
Okawaru was aware of your devotion.
You visited 2 branches of the dungeon, and saw 6 of its levels.

You collected 314 gold pieces.


Innate Abilities, Weirdness & Mutations

You are immune to sickness and miasma.
Your stone body is resilient. (AC +4)
You are immune to poison.
You resist negative energy. (rN+)
You are resistant to electric shocks. (rElec)
You are resistant to unholy torment.
You are immune to petrification.


   Skills:
 - Level 4.0 Fighting
 + Level 6.6 Axes
 - Level 3.2 Armour
 - Level 1.0 Dodging
 - Level 3.2 Shields
 + Level 0.0 Invocations


You had 6 spell levels left.
You didn't know any spells.
Your spell library was empty.

Inventory:

Hand Weapons
 i - a +0 eveningstar
 Y - a +0 war axe (weapon)
Armour
 a - a +0 helmet (worn)
 c - a +0 buckler (worn)
 g - a +0 chain mail (worn)
 m - a +0 cloak (worn)
Jewellery
 f - a ring of protection from fire (left hand)
Scrolls
 b - 4 scrolls of identify
Potions
 d - a potion of might
 j - a potion of haste
 l - a potion of curing

Dungeon Overview and Level Annotations

Branches:
Dungeon (5/15)             Temple (1/1) D:4

Altars:
Ashenzari
Cheibriados
Dithmenos
Elyvilon
Fedhas
Gozag
Hepliaklqana
Nemelex Xobeh
Okawaru
Qazlal
Ru
Sif Muna
Uskayaw
Vehumet
Yredelemnul
Zin
The Shining One


Message History

The water moccasin is lightly wounded.
You closely miss the orc wizard.
The water moccasin bites you but does no damage.
The orc wizard hits you but does no damage.
The water moccasin barely misses you.
You slash the water moccasin!
The water moccasin is heavily wounded.
You closely miss the orc wizard.
The water moccasin bites you but does no damage.
The orc wizard hits you but does no damage.
The orc wizard casts a spell.
The orc wizard flickers and vanishes!
Deactivating autopickup; reactivate with Ctrl-A.
The water moccasin bites you.
You closely miss the water moccasin.
The water moccasin is heavily wounded.
You miss something.
The water moccasin bites you but does no damage.
You hear some strange, mumbled words.
A magic dart appears from out of thin air!
The magic dart hits you.
You slash the water moccasin!
The water moccasin is almost dead.
You closely miss something.
The water moccasin bites you but does no damage.
Something hits you but does no damage. The water moccasin barely misses you.
You hit the water moccasin.
You kill the water moccasin!
Okawaru is honoured by your kill.
You can now gain great but temporary skills.
You miss something. Something hits you but does no damage.
You have reached level 7!
You hit something. Something hits you but does no damage.
You barely miss something.
You hear some strange, mumbled words.
A magic dart appears from out of thin air!
The magic dart hits you!
You die...

.........## ..........##
...........##
.............#
..............# ......
..............# .(....
.........{)...# ......
#.......)@...# ##.....
#...........## #......
#..........## #......
#........## #### ##......
#.......## ##..###..<...#
#.[....#####............#
##.....###...............
#...#...................
##.##................###


There were no monsters in sight!

Vanquished Creatures
  Edmund (D:4)
  A water moccasin (D:5)
  2 orc priests (D:3)
  A jelly (D:4)
  Jessica (D:2)
  An iguana (D:4)
  A gnoll (D:1)
  4 adders
  A white imp (D:3)
  4 worms
  3 dart slugs
  12 orcs
  3 ball pythons
  9 endoplasms
  3 giant cockroaches
  6 goblins
  3 hobgoblins
  4 jackals (D:3)
  3 kobolds
  2 quokkas (D:3)
  5 bats
  3 frilled lizards
  3 rats (D:1)
76 creatures vanquished.

Notes
Turn   | Place    | Note
-------+----------+-------------------------------------------
     0 | D:1      | qw the Gargoyle Fighter began the quest for the Orb.
     0 | D:1      | Reached XP level 1. HP: 14/14 MP: 1/1
     0 | D:1      | 0 ||| qw: Version: 0.2-a-29-g511e9b1
     0 | D:1      | 0 ||| qw: Game counter: 5227
     0 | D:1      | 0 ||| qw: Always use a shield: true
     0 | D:1      | 0 ||| qw: God list: Okawaru
     0 | D:1      | 0 ||| qw: Allow faded altars: false
     0 | D:1      | 0 ||| qw: Do Orc after D:15 true
     0 | D:1      | 0 ||| qw: Do second Lair branch before Depths: true
     0 | D:1      | 0 ||| qw: Lair rune preference: random
     0 | D:1      | 0 ||| qw: Plans: Normal, Zot:1-4, Slime:5, God:TSO, Crypt,
                  | Tomb, Abyss, Pan, Hells, Win
     0 | D:1      | 0 ||| PLANNING D:1-11
    38 | D:1      | 38 ||| Stepping ~*~*~tactically~*~*~ (hiding).
    41 | D:1      | 41 ||| Stepping ~*~*~tactically~*~*~ (hiding).
    50 | D:1      | Reached skill level 2 in Axes
    54 | D:1      | HP: 2/14 [frozen (5)]
    55 | D:1      | Reached XP level 2. HP: 4/19 MP: 2/2
   175 | D:1      | 175 ||| DROPPING +0 club.
   253 | D:1      | Reached skill level 3 in Axes
   289 | D:1      | 289 ||| Stepping ~*~*~tactically~*~*~ (stealth).
   298 | D:1      | Reached XP level 3. HP: 23/23 MP: 3/3
   624 | D:1      | 624 ||| DROPPING scarf of invisibility.
   625 | D:1      | 625 ||| READING scroll labelled ZAKHINO EPHERCH.
   626 | D:1      | 626 ||| READING scroll labelled KIAJEA ARRUCHYSCH.
   627 | D:1      | 627 ||| READING scroll labelled VEOHEZI GEMEK.
   628 | D:1      | 628 ||| READING 2 scrolls labelled DOALUD FACET.
   631 | D:1      | 631 ||| READING scroll labelled ZUASTA COFALUFE.
   797 | D:2      | 797 ||| Stepping ~*~*~tactically~*~*~ (hiding).
   871 | D:2      | 871 ||| Stepping ~*~*~tactically~*~*~ (hiding).
   872 | D:2      | 872 ||| Stepping ~*~*~tactically~*~*~ (hiding).
   989 | D:2      | Noticed Jessica
   990 | D:2      | 990 ||| READING scroll labelled HOBYS QARAE.
   994 | D:2      | Killed Jessica
   995 | D:2      | Reached skill level 4 in Axes
   995 | D:2      | Reached XP level 4. HP: 26/28 MP: 4/4
  1136 | D:2      | Found a shadowy altar of Dithmenos.
  1373 | D:2      | 1373 ||| Stepping ~*~*~tactically~*~*~ (hiding).
  1374 | D:2      | 1374 ||| Stepping ~*~*~tactically~*~*~ (hiding).
  1375 | D:2      | 1375 ||| Stepping ~*~*~tactically~*~*~ (hiding).
  1684 | D:2      | 1684 ||| UPGRADING to +0 helmet.
  1689 | D:2      | 1689 ||| UPGRADING to +0 chain mail.
  1699 | D:2      | 1699 ||| DROPPING +0 scale mail.
  1700 | D:2      | 1700 ||| UPGRADING to ring of protection from fire.
  1701 | D:2      | 1701 ||| READING scroll labelled ROR TIFEKYM.
  1702 | D:2      | 1702 ||| DRINKING 2 ruby potions.
  1806 | D:2      | 1806 ||| DROPPING potion of berserk rage.
  2018 | D:3      | 2018 ||| Stepping ~*~*~tactically~*~*~ (stealth).
  2019 | D:3      | 2019 ||| Stepping ~*~*~tactically~*~*~ (hiding).
  2020 | D:3      | 2020 ||| Stepping ~*~*~tactically~*~*~ (hiding).
  2034 | D:3      | HP: 6/28 [orc priest/+0 hand axe (2)]
  2035 | D:3      | 2035 ||| READING 2 scrolls of teleportation.
  2038 | D:3      | Reached XP level 5. HP: 8/32 MP: 5/5
  2175 | D:3      | Reached skill level 5 in Axes
  2389 | D:3      | Found a broken altar of Ashenzari.
  2463 | D:3      | 2463 ||| Stepping ~*~*~tactically~*~*~ (hiding).
  2748 | D:3      | 2748 ||| UPGRADING to +0 cloak.
  2753 | D:3      | 2753 ||| READING scroll labelled QIOXAE YLUMPAM.
  2754 | D:3      | 2754 ||| DRINKING 2 blue potions.
  2755 | D:3      | 2755 ||| READING 3 scrolls of identify.
  2755 | D:3      | 2755 ||| IDENTIFYING brown potion
  2756 | D:3      | 2756 ||| READING 2 scrolls of identify.
  2756 | D:3      | 2756 ||| IDENTIFYING cyan potion
  2757 | D:3      | 2757 ||| DROPPING potion of brilliance.
  2797 | D:4      | Found a staircase to the Ecumenical Temple.
  2798 | D:4      | 2798 ||| PLANNING TEMPLE
  2798 | D:4      | 2798 ||| READING scroll labelled BUUGES MISSA.
  2807 | Temple   | Entered the Ecumenical Temple
  2918 | Temple   | 2918 ||| PLANNING OKAWARU WORSHIP
  2950 | Temple   | Became a worshipper of Warmaster Okawaru
  2951 | Temple   | 2951 ||| PLANNING D:1-11
  3021 | D:4      | 3021 ||| Stepping ~*~*~tactically~*~*~ (stealth).
  3036 | D:4      | Reached XP level 6. HP: 38/38 MP: 6/6
  3302 | D:4      | Noticed Edmund
  3311 | D:4      | HP: 6/38 [Edmund/+3 heavy dire flail (21)]
  3312 | D:4      | 3312 ||| READING scroll of teleportation.
  3314 | D:4      | HP: 2/38 [iguana (2)]
  3613 | D:4      | HP: 7/38 [Edmund/+3 heavy dire flail (6)]
  3614 | D:4      | Killed Edmund
  3615 | D:4      | Reached skill level 6 in Axes
  3866 | D:4      | 3866 ||| Stepping ~*~*~tactically~*~*~ (water).
  3906 | D:4      | 3906 ||| DROPPING ring of flight.
  3927 | D:5      | Entered Level 5 of the Dungeon
  3952 | D:5      | Noticed a water moccasin
  3963 | D:5      | Reached skill level 1 in Dodging
  3968 | D:5      | HP: 7/38 [water moccasin (3)]
  3973 | D:5      | Killed a water moccasin
  3973 | D:5      | Reached * piety under Okawaru
  3974 | D:5      | Reached XP level 7. HP: 6/43 MP: 7/7
  3975 | D:5      | Killed from afar by an orc wizard

Levels and vault maps discovered:
D:1:      lightli_arrival_statuegarden, layout_basic
D:2:      layout_basic, basic_altar, kennysheep_generic_room_6, uniq_jessica
D:3:      layout_loops_ring, mainiacjoe_overflow_24_doors
D:4:      layout_basic, minmay_temple_entry_mist, nrook_campfire, uniq_edmund
D:5:      layout_cave_pods, serial_shops, kennysheep_mini, uniq_ijyb
Temple:   regret_index_temple_sphere_string

Skill      XL: |  1  2  3  4  5  6 |
---------------+-------------------+-----
Axes           | 2 3 4 5 6 |  6.6
Fighting       | 4 |  4.0
Dodging        | 1 |  1.0
Armour         | |  3.2
Shields        | |  3.2

Action                     |  1- 3 |  4- 6 |  7- 9 || total
---------------------------+-------+-------+-------++-------
  Melee: War axe           |    61 |   165 |     2 ||   228
  Throw: Boomerang         |       |    23 |       ||    23
    Use: Scroll            |     6 |     7 |       ||    13
         Potion            |       |     2 |       ||     2
 Armour: Scale mail        |    21 |     8 |       ||    29
         Chain mail        |       |    81 |     1 ||    82
  Dodge: Dodged            |    29 |    54 |       ||    83
  Block: Buckler           |     4 |    29 |       ||    33

Table legend:
 A = Non-vault XP
 B = Vault XP
 C = Vault XP percentage of total XP
 D = Non-vault monster count
 E = Vault monster count
 F = Vault count percentage of total count
                 A         B        C        D         E       F
            +---------+---------+-------+---------+---------+-------
      Total |     534 |     215 |  28.7 |      74 |       2 |   2.6
            +---------+---------+-------+---------+---------+-------
        D:1 |      41 |       0 |   0.0 |      16 |       0 |   0.0
        D:2 |      54 |      37 |  40.7 |      19 |       1 |   5.0
        D:3 |     175 |       0 |   0.0 |      22 |       0 |   0.0
        D:4 |     101 |     178 |  63.8 |      12 |       1 |   7.7
        D:5 |     163 |       0 |   0.0 |       5 |       0 |   0.0
            +---------+---------+-------+---------+---------+-------
